 Dungeon Crawl Stone Soup version 0.29.1-12-g30fa7ad0bf (webtiles) character file.

Game seed: 3561406597178621373

56947 stebl the Severer (level 14, -7/121 HPs)
             Began as a Demonspawn Gladiator on Dec 25, 2022.
             Was a Priest of Uskayaw.
             Mangled by an enormous slime creature (57 damage)
             ... on level 13 of the Dungeon on Dec 27, 2022.
             The game lasted 02:21:58 (28692 turns).

stebl the Severer (Demonspawn Gladiator)           Turns: 28692, Time: 02:21:59

Health: -7/121     AC: 11    Str: 20    XL:     14   Next: 43%
Magic:  18/18      EV: 15    Int:  9    God:    Uskayaw [***...]
Gold:   96         SH: 14    Dex: 15    Spells: 13/13 levels left

rFire   . . .      SeeInvis .   V - +9 broad axe (vamp)
rCold   . . .      Faith    .   s - +0 kite shield
rNeg    . . .      Spirit   .   X - +2 steam dragon scales
rPois   .          Reflect  +   (helmet unavailable)
rElec   .          Harm     .   G - +0 cloak
rCorr   +          Rampage  .   q - +0 pair of gloves
Will    ++...                   (no boots)
Stlth   +.........              y - amulet of reflection
HPRegen 0.30/turn               R - ring "Iwkuf" {Will+ rCorr}
MPRegen 0.16/turn               E - +4 ring of evasion

@: studying Evocations
A: horns 3, demonic guardian 2, ignite blood 2, augmentation 1, sharp scales 2
a: Renounce Religion, Stomp, Line Pass


You were on level 13 of the Dungeon.
You worshipped Uskayaw.
Uskayaw was noncommittal.
You visited 3 branches of the dungeon, and saw 19 of its levels.

You collected 1216 gold pieces.
You spent 1120 gold pieces at shops.


Innate Abilities, Weirdness & Mutations

You have a pair of large horns on your head.
A demonic guardian rushes to your aid.
Your demonic aura often causes spilled blood to erupt in flames.
Your magical and physical power is slightly enhanced at high health.
You are mostly covered in razor-sharp scales. (AC +2, Slay +2)


   Skills:
 + Level 14.8 Fighting
 - Level 18.0 Axes
 - Level 1.7 Throwing
 - Level 2.4 Armour
 - Level 2.6 Dodging
 + Level 3.5 Shields
 - Level 6.0 Invocations
 * Level 5.6 Evocations


You had 13 spell levels left.
You didn't know any spells.
Your spell library contained the following spells:

 Spells                   Type           Power      Damage    Failure   Level
 Foxfire                  Conj/Fire      0%         2x1d4     77%         1
 Poisonous Vapours        Pois/Air       0%         N/A       88%         2
 Sublimation of Blood     Necr           0%         N/A       88%         2
 Wereblood                Tmut           0%         N/A       88%         2
 Conjure Flame            Conj/Fire      0%         6-21      98%         3
 Dazzling Flash           Conj/Hex       0%         N/A       98%         3
 Gell's Gravitas          Tloc           0%         N/A       98%         3
 Inner Flame              Hex/Fire       0%         N/A       98%         3
 Teleport Other           Tloc           0%         N/A       98%         3
 Tukima's Dance           Hex            0%         N/A       98%         3
 Corpse Rot               Necr/Pois/Air  0%         N/A       100%        4
 Flame Wave               Conj/Fire      0%         2d4       100%        4
 Fulminant Prism          Conj/Hex       0%         3d6       100%        4
 Iskenderun's Mystic Bla  Conj/Tloc      0%         2d3       100%        4
 Passage of Golubria      Tloc           0%         N/A       100%        4
 Fireball                 Conj/Fire      0%         3d3       100%        5
 Iskenderun's Battlesphe  Conj           0%         2d6       100%        5
 Lee's Rapid Deconstruct  Erth           0%         3d5*      100%        5
 Yara's Violent Unravell  Hex/Tmut       0%         3d3       100%        5
 Conjure Ball Lightning   Conj/Air       0%         3x3d6     100%        6
 Dispersal                Tloc           0%         N/A       100%        6
 Starburst                Conj/Fire      0%         6d3       100%        6
 Orb of Destruction       Conj           0%         9d5       100%        7
 Summon Hydra             Summ           0%         N/A       100%        7
 Discord                  Hex            0%         N/A       100%        8
 Disjunction              Tloc           0%         N/A       100%        8

Inventory:

Hand Weapons
 k - a +2 eveningstar
 V - a +9 vampiric broad axe (weapon)
Missiles
 g - 3 curare-tipped darts {=f}
 x - 5 atropa-tipped darts
 N - 10 javelins (quivered)
Armour
 q - a +0 pair of gloves (worn)
 s - a +0 kite shield (worn)
 G - a +0 cloak (worn)
 X - +2 steam dragon scales (worn)
Magical Staves
 M - a staff of fire {!a}
Jewellery
 y - an amulet of reflection (around neck)
 C - a ring of ice
 E - a +4 ring of evasion (right hand)
 J - the amulet "Laffox" {RegenMP rElec rPois}
   (You found it on level 11 of the Dungeon)

   [amulet of magic regeneration]

   It increases your rate of magic regeneration.
   rElec:     It insulates you from electricity.
   rPois:     It protects you from poison.
 L - a ring of flight
 R - the ring "Iwkuf" (left hand) {Will+ rCorr}
   (You found it on level 13 of the Dungeon)

   [ring of willpower]

   rCorr:     It protects you from acid and corrosion.
   Will:      It increases your willpower.
 T - an amulet of faith {!P}
 W - a ring of magical power
Wands
 t - a wand of mindburst (10)
 z - a wand of roots (13)
 K - a wand of paralysis (22)
 O - a wand of flame (56)
 Q - a wand of polymorph (11)
 U - a wand of light (15)
Scrolls
 a - a scroll of summoning
 f - 2 scrolls of vulnerability
 h - 7 scrolls of teleportation {@r4}
 i - 3 scrolls of fog {unknown}
 m - 3 scrolls of blinking {unknown}
 o - 2 scrolls of silence {unknown}
 w - 2 scrolls of torment {unknown}
 A - 6 scrolls of magic mapping
 D - 4 scrolls of fear
 I - 2 scrolls of poison
 S - 3 scrolls of enchant armour
 Y - 2 scrolls of immolation
 Z - 2 scrolls of noise {unknown}
Potions
 b - 2 potions of mutation
 c - 12 potions of curing {@q1}
 d - 4 potions of haste {@q3}
 e - a potion of ambrosia
 j - 3 potions of might
 l - 3 potions of attraction
 n - 3 potions of flight
 p - 2 potions of heal wounds {@q2}
 v - 3 potions of resistance
 B - 2 potions of lignification
 F - 2 potions of magic
 H - 2 potions of invisibility
 P - 2 potions of cancellation
Miscellaneous
 r - a phantom mirror
 u - a box of beasts

Dungeon Overview and Level Annotations

Branches:
Dungeon (13/15)            Temple (1/1) D:4            Lair (5/5) D:11
 Shoals (0/4) Lair:3        Snake (0/4) Lair:3        Slime (0/5) Lair:4
    Orc (0/2) D:11
 Vaults: D:13-14

Altars:
Ashenzari
Cheibriados
Fedhas
Gozag
Hepliaklqana
Kikubaaqudgha
Makhleb
Nemelex Xobeh
Okawaru
Qazlal
Ru
Sif Muna
Trog
Uskayaw
Vehumet
Wu Jian
Xom
Yredelemnul
Jiyva

Shops:
D:3 *   D:5 :

Annotations:
D:12 Psyche
Lair:2 1 runed translucent door, mortz's ghost, journeyman KoEE

#....... #......
#..... #.... #...
##### #.4 .....
#J# #####
#######@#
...?..○.#
#######.#
#.####### #
#>......#
########.#
#=#######
..(......#######.#
.................#
.[.......#######.#


You could see an enormous slime creature (ally target) and a friendly ice devil
(summoned).


Message History

You slash the purple ugly thing!
The purple ugly thing barely misses you.
You can now pass through a line of other dancers.
You closely miss the purple ugly thing. You headbutt the purple ugly thing!!
The purple ugly thing is heavily wounded.
Two slime creatures merge to form a very large slime creature.
The purple ugly thing completely misses you.
You slash the purple ugly thing!
The purple ugly thing is severely wounded.
Uskayaw will force your foes to helplessly watch your dance.
Uskayaw prepares the audience for your solo!
The helpless purple ugly thing fails to defend itself.
You slash the purple ugly thing! You headbutt the purple ugly thing.
You kill the purple ugly thing!
The slime creature is no longer paralysed.
The very large slime creature is no longer paralysed.
Two slime creatures merge to form an enormous slime creature.
You slash the enormous slime creature!
Your headbutt misses the enormous slime creature.
The enormous slime creature is lightly wounded.
You slash the enormous slime creature!
You headbutt the enormous slime creature!
The enormous slime creature is lightly wounded.
The enormous slime creature hits you!!!
Ouch! That really hurt!
* * * LOW HITPOINT WARNING * * *
A demonic guardian appears!
The enormous slime creature attacks as you move away!
The enormous slime creature hits you!!!
You die...

Skill      XL: |  1  2  3  4  5  6  7  8  9 10 11 12 13 14 |
---------------+-------------------------------------------+-----
Axes           | 3 4 5 6 7 8 10 12 14 16 18 | 18.0
Fighting       | 3 4 5 6 8 9 11 12 14 | 14.8
Invocations    | 3 5 6 |  6.0
Armour         | 2 |  2.4
Shields        | 3 |  3.5
Evocations     | 5 |  5.6
Throwing       | |  1.7
Dodging        | |  2.6

Action                   |  1- 3 |  4- 6 |  7- 9 | 10-12 | 13-15 || total
-------------------------+-------+-------+-------+-------+-------++-------
Melee: War axe           |    94 |    97 |   195 |    85 |       ||   471
       Headbutt          |    17 |    17 |    49 |    75 |    60 ||   218
       Broad axe         |       |       |       |   228 |   274 ||   502
       Morningstar       |       |       |       |       |     3 ||     3
       Eveningstar       |       |       |       |       |     1 ||     1
Throw: Stone             |    16 |       |       |       |       ||    16
       Javelin           |     3 |     8 |    22 |    42 |    55 ||   130
       Throwing net      |       |     5 |       |       |       ||     5
       Boomerang         |       |       |    81 |   195 |       ||   276
       Dart              |       |       |       |     3 |       ||     3
Invok: Line Pass         |       |       |     3 |     1 |       ||     4
       Stomp             |       |       |     1 |     2 |       ||     3
Evoke: Wand              |       |       |     2 |    17 |     7 ||    26
  Use: Scroll            |       |     5 |     8 |     7 |    11 ||    31
 Stab: Sleeping          |     1 |       |       |     1 |       ||     2
       Held in net/web   |       |     1 |       |       |       ||     1
       Paralysed         |       |       |     5 |    30 |    23 ||    58
       Invisible         |       |       |       |       |     2 ||     2
       Distracted        |       |       |       |       |     1 ||     1
Armor: Leather armour    |    23 |       |       |       |       ||    23
       Scale mail        |     7 |    34 |    81 |    43 |       ||   165
       Steam dragon scal |       |       |       |    60 |    34 ||    94
Dodge: Dodged            |    56 |    31 |    71 |   144 |   106 ||   408
Block: Kite shield       |     9 |    22 |    72 |    89 |    67 ||   259
       Reflection        |       |       |       |       |     4 ||     4

Levels and vault maps discovered:
D:1:      minmay_arrival_stone_box, layout_basic,
          hellmonk_ecumenical_altar_run_dry, minmay_vboxes
D:2:      layout_loops_ring, due_unseen_surprise, uniq_terence
D:3:      layout_basic, nicolae_gozag_zags_fifth_avenue,
          kennysheep_generic_room_10, uniq_jessica, uniq_sigmund, uniq_robin
D:4:      layout_basic, minmay_temple_entry_glass
D:5:      layout_basic, mainiacjoe_overflow_catwalk_spiral,
          hangedman_abyss_or_decor_stagger, nicolae_shop_vocational
D:6:      layout_basic
D:7:      layout_loops_ring, minmay_puff, uniq_menkaure, uniq_joseph
D:8:      minmay_distorted_concentric_squares, layout_basic
D:9:      layout_cross, uniq_gastronok, uniq_maggie, uniq_grum
D:10:     layout_basic, grunt_dithmenos_smoke_and_mirrors, uniq_fannar
D:11:     kennysheep_big_flooded_room, layout_stronghold, lair_entry_dummy,
          orc_0_dummy
D:12:     layout_small_grid, minmay_misc_feat_rows, uniq_psyche
D:13:     layout_small_grid, nicolae_elemental_shop, grunt_qazlal_clouds
Temple:   eino_narrow_crystal_temple
Lair:1:   layout_chaotic_city, fungi_pond_lemuel, beast_lair_carwin_4
Lair:2:   layout_misc_corridors, hellmonk_ghost_happy_afterlife,
          nicolae_quartered_pool_medium, grunt_megastairs_4
Lair:3:   layout_loops_ring, minmay_shoals_entry_centaurs,
          guppyfry_snake_entry_island, pf_torpor_hydra
Lair:4:   layout_misc_corridors, slime_entry_1, grunt_megastairs_3,
          serial_bayou_shore_b, uniq_urug, uniq_sonja
Lair:5:   minmay_lair_end_frog_pond, layout_regular_city, lemuel_fruit_tree

Notes
Turn   | Place    | Note
-------+----------+-------------------------------------------
     0 | D:1      | stebl the Demonspawn Gladiator began the quest for the Orb.
     0 | D:1      | Reached XP level 1. HP: 16/16 MP: 1/1
   122 | D:1      | Reached skill level 3 in Axes
   184 | D:1      | Gained mutation: You have a pair of small horns on your
                  | head. [demonic ancestry]
   184 | D:1      | Reached XP level 2. HP: 19/22 MP: 2/2
   712 | D:1      | Found a faded altar of an unknown god.
   761 | D:1      | Gained mutation: You are partially covered in razor-sharp
                  | scales. (AC +1, Slay +1) [demonic ancestry]
   761 | D:1      | Reached XP level 3. HP: 22/28 MP: 3/3
  1128 | D:2      | Noticed Terence
  2190 | D:3      | Found an opulent altar of Gozag.
  2192 | D:3      | Found Gozag's Platinum Reserve.
  2259 | D:3      | Reached skill level 4 in Axes
  2259 | D:3      | Gained mutation: A weak demonic guardian rushes to your
                  | aid. [demonic ancestry]
  2259 | D:3      | Reached XP level 4. HP: 34/34 MP: 4/4
  2346 | D:3      | Reached skill level 3 in Fighting
  2623 | D:3      | Noticed Sigmund
  2963 | D:2      | Killed Terence
  2964 | D:2      | Gained mutation: You have a pair of horns on your head.
                  | [demonic ancestry]
  2964 | D:2      | Reached XP level 5. HP: 41/41 MP: 5/5
  3117 | D:3      | Noticed Jessica
  3135 | D:3      | Killed Jessica
  3413 | D:3      | Noticed Robin
  3431 | D:3      | Killed Robin
  3442 | D:3      | Reached skill level 5 in Axes
  3754 | D:4      | Noticed an ogre
  3762 | D:4      | Killed an ogre
  3763 | D:4      | Reached skill level 4 in Fighting
  3763 | D:4      | Gained mutation: You are mostly covered in razor-sharp
                  | scales. (AC +2, Slay +2) [demonic ancestry]
  3763 | D:4      | Reached XP level 6. HP: 10/48 MP: 6/6
  4030 | D:4      | You are sucked into a shaft and drop 3 floors!
  4274 | D:5      | Entered Level 5 of the Dungeon
  4390 | D:4      | Reached skill level 6 in Axes
  4524 | D:4      | Gained mutation: Your demonic aura sometimes causes spilled
                  | blood to erupt in flames. [demonic ancestry]
  4524 | D:4      | Reached XP level 7. HP: 55/55 MP: 7/7
  4655 | D:4      | Found a staircase to the Ecumenical Temple.
  4670 | Temple   | Entered the Ecumenical Temple
  4882 | Temple   | Became a worshipper of Uskayaw the Reveller
  4934 | D:4      | Reached * piety under Uskayaw
  5091 | D:4      | Reached ** piety under Uskayaw
  5097 | D:4      | Reached skill level 1 in Invocations
  5299 | D:5      | Reached *** piety under Uskayaw
  5329 | D:5      | Reached skill level 5 in Fighting
  5329 | D:5      | Reached skill level 2 in Invocations
  5434 | D:5      | Reached skill level 7 in Axes
  5596 | D:5      | Reached skill level 3 in Invocations
  5606 | D:5      | Reached XP level 8. HP: 38/63 MP: 2/10
  6287 | D:5      | Found a blossoming altar of Fedhas.
  6330 | D:5      | Found Fyduaj's Vocational Training.
  6557 | D:6      | Reached skill level 4 in Invocations
  7411 | D:7      | Identified 3 potions of resistance
  7443 | D:7      | Reached skill level 6 in Fighting
  7443 | D:7      | Reached skill level 8 in Axes
  7453 | D:7      | Reached skill level 5 in Invocations
  7819 | D:7      | Noticed Menkaure
  7841 | D:7      | Killed Menkaure
  7842 | D:7      | Gained mutation: You have a pair of large horns on your
                  | head. [demonic ancestry]
  7842 | D:7      | Reached XP level 9. HP: 35/71 MP: 13/13
  8170 | D:7      | Noticed Joseph
  8543 | D:3      | Killed Sigmund
  8544 | D:3      | Reached skill level 9 in Axes
  8544 | D:3      | Reached skill level 6 in Invocations
  8665 | D:8      | Noticed a cyclops
  8807 | D:7      | Reached **** piety under Uskayaw
  8811 | D:7      | Reached skill level 7 in Fighting
 10085 | D:8      | Reached skill level 10 in Axes
 10210 | D:8      | Noticed a centaur warrior
 10225 | D:8      | Killed a centaur warrior
 10226 | D:8      | Reached skill level 8 in Fighting
 10377 | D:8      | Noticed a meliai
 10907 | D:8      | Reached XP level 10. HP: 66/80 MP: 14/14
 11627 | D:9      | Noticed Gastronok
 11627 | D:9      | Noticed Maggie
 11741 | D:7      | Killed Joseph
 11742 | D:7      | Reached skill level 11 in Axes
 12415 | D:9      | Noticed Grum
 13488 | D:8      | Reached skill level 9 in Fighting
 13786 | D:9      | Reached ***** piety under Uskayaw
 13799 | D:9      | Reached skill level 12 in Axes
 14321 | D:9      | Noticed Maggie
 14321 | D:9      | Maggie changed into Maggie the acid dragon
 14333 | D:9      | Killed Maggie the acid dragon
 14434 | D:9      | Killed Grum
 14875 | D:9      | Killed Gastronok
 14998 | D:9      | Noticed a two-headed ogre
 15000 | D:9      | Noticed a two-headed ogre
 15020 | D:9      | Killed a two-headed ogre
 15021 | D:9      | Gained mutation: A demonic guardian rushes to your aid.
                  | [demonic ancestry]
 15021 | D:9      | Reached XP level 11. HP: 90/90 MP: 15/15
 15025 | D:9      | Killed a two-headed ogre
 15061 | D:9      | Reached skill level 10 in Fighting
 15104 | D:9      | Reached skill level 13 in Axes
 15337 | D:10     | Entered Level 10 of the Dungeon
 15702 | D:10     | Noticed Fannar
 15710 | D:10     | Killed Fannar
 17889 | D:11     | Reached skill level 14 in Axes
 17951 | D:11     | Noticed a cyan ugly thing
 17958 | D:11     | Killed a cyan ugly thing
 17959 | D:11     | Reached skill level 11 in Fighting
 18220 | D:11     | Noticed a centaur warrior
 18234 | D:11     | Killed a centaur warrior
 18680 | D:11     | Noticed a purple ugly thing
 18695 | D:11     | Killed a purple ugly thing
 19440 | D:11     | Found a staircase to the Orcish Mines.
 19456 | D:11     | Found a staircase to the Lair.
 19476 | D:11     | Identified the amulet "Laffox" {RegenMP rElec rPois}
 19622 | D:11     | Gained mutation: Your demonic aura often causes spilled
                  | blood to erupt in flames. [demonic ancestry]
 19622 | D:11     | Reached XP level 12. HP: 90/100 MP: 16/16
 19959 | D:11     | Noticed a two-headed ogre
 19963 | D:11     | Killed a two-headed ogre
 20095 | Lair:1   | Entered Level 1 of the Lair of Beasts
 20486 | Lair:1   | Reached skill level 15 in Axes
 21181 | Lair:2   | Reached skill level 12 in Fighting
 21350 | Lair:2   | Noticed a four-headed hydra
 21429 | Lair:2   | Killed a four-headed hydra
 21587 | Lair:2   | Reached skill level 16 in Axes
 22137 | Lair:2   | Noticed mortz's ghost (journeyman KoEE)
 22139 | Lair:2   | Found a runed translucent door.
 22529 | Lair:3   | Gained mutation: Your magical and physical power is
                  | slightly enhanced at high health. [demonic ancestry]
 22529 | Lair:3   | Reached XP level 13. HP: 79/109 MP: 17/17
 22705 | Lair:3   | Found the +3 salamander hide armour {Flames rF++ rC--}
 22745 | Lair:3   | Found a staircase to the Snake Pit.
 23182 | Lair:3   | Found a staircase to the Shoals.
 23344 | Lair:3   | Found a runed translucent door.
 23767 | Lair:4   | Noticed Urug
 23841 | Lair:4   | Noticed Sonja
 23894 | Lair:4   | Found a staircase to the Slime Pits.
 23900 | Lair:4   | Found a viscous altar of Jiyva.
 23939 | Lair:4   | Reached skill level 13 in Fighting
 23980 | Lair:4   | Killed Urug
 24363 | Lair:4   | Killed Sonja
 24681 | Lair:5   | Entered Level 5 of the Lair of Beasts
 24822 | Lair:5   | Reached skill level 17 in Axes
 25762 | Lair:5   | Reached skill level 14 in Fighting
 25781 | Lair:5   | Reached skill level 18 in Axes
 25786 | Lair:5   | Reached XP level 14. HP: 120/120 MP: 18/18
 26224 | Lair:5   | Reached skill level 1 in Armour
 26224 | Lair:5   | Reached skill level 1 in Shields
 26254 | Lair:5   | Reached skill level 2 in Armour
 26254 | Lair:5   | Reached skill level 2 in Shields
 26255 | Lair:5   | Reached ****** piety under Uskayaw
 26963 | D:5      | Bought a manual of Evocations for 1120 gold pieces
 27225 | D:12     | Reached skill level 1 in Evocations
 27303 | D:12     | Reached skill level 2 in Evocations
 27373 | D:12     | Reached skill level 3 in Evocations
 27806 | D:12     | Noticed Psyche
 27864 | D:12     | Reached skill level 3 in Shields
 28278 | D:13     | Reached skill level 4 in Evocations
 28589 | D:13     | Reached skill level 5 in Evocations
 28667 | D:13     | Identified the ring "Iwkuf" {Will+ rCorr}
 28692 | D:13     | Mangled by an enormous slime creature

Vanquished Creatures
  Gastronok (D:9)
  Fannar (D:10)
  A boulder beetle (D:12)
  3 hydras
  3 two-headed ogres
  4 centaur warriors
  5 death yaks (Lair:5)
  Urug (Lair:4)
  Sonja (Lair:4)
  A goliath frog (Lair:5)
  A lindwurm (Lair:5)
  4 ugly things
  A manticore (D:13)
  4 cyclopes
  5 black mambas
  Joseph (D:7)
  2 torpor snails
  23 cane toads
  A rime drake (Lair:5)
  6 komodo dragons
  A komodo dragon (shapeshifter) (D:13)
  4 trolls
  A polar bear (Lair:5)
  A tyrant leech (Lair:5)
  10 blink frogs (Lair:5)
  13 dream sheep
  A slime creature (D:13)
  Sigmund (D:3)
  Grum (D:9)
  2 vampires
  2 wyverns
  2 shadows
  A water elemental (D:11)
  A wraith (D:11)
  2 basilisks
  57 yaks
  Menkaure (D:7)
  10 vampire mosquitoes
  2 nagas (Lair:3)
  3 acid dragons
  8 water moccasins
  2 black bears
  3 sky beasts
  3 orc warriors
  3 ogres
  23 wolves
  13 centaurs
  2 phantoms
  3 kobold brigands
  16 bullfrogs
  2 gnoll sergeants
  A necrophage (D:7)
  3 scorpions
  11 wights
  A killer bee (D:8)
  8 electric eels
  3 howler monkeys (D:8)
  2 hounds (D:4)
  4 jellies
  7 orc priests
  A gnoll bouda (D:8)
  Jessica (D:3)
  10 orc wizards
  Terence (D:2)
  5 hell rats (Lair:4)
  An iguana (D:6)
  Robin (D:3)
  7 adders
  11 gnolls
  A shadow imp (D:7)
  A white imp (D:8)
  3 dart slugs
  46 orcs
  7 bats
  9 endoplasms
  6 giant cockroaches
  8 hobgoblins
  2 jackals (D:1)
  23 kobolds
  A quokka (D:2)
  5 ball pythons
  3 frilled lizards
  18 goblins
  3 rats
477 creatures vanquished.

Vanquished Creatures (collateral kills)
  A hydra (Lair:3)
  A goliath frog (Lair:5)
  A cyclops (D:12)
  A cane toad (Lair:5)
  A troll (D:12)
  A tyrant leech (Lair:5)
  A meliai (D:8)
  A blink frog (Lair:5)
  2 yaks (Lair:2)
  3 vampire mosquitoes
  An ogre (D:4)
  A scorpion (D:7)
  2 electric eels
  An iguana (D:5)
18 creatures vanquished.

Vanquished Creatures (others)
  A bush (Lair:5)
  37 fungi
  116 plants
154 creatures vanquished.

Grand Total: 649 creatures vanquished

Table legend: (Time is in decaauts)
 A = Elapsed time spent in this place.
 B = Non-inter-level travel time spent in this place.
 C = Inter-level travel time spent in this place.
 D = Time resting spent in this place.
 E = Time spent auto-exploring this place.
 F = Levels seen in this place.
 G = Mean time per level.
                   A        B        C        D        E       F      G
               +--------+--------+--------+--------+--------+-----+--------+
         Total |  29137 |  27416 |   1721 |  10667 |  10853 |  19 | 1533.5 |
       Dungeon |  22131 |  20662 |   1469 |   8693 |   7629 |  13 | 1702.4 |
        Temple |    220 |    213 |      7 |      0 |    194 |   1 |  220.0 |
          Lair |   6785 |   6540 |    245 |   1973 |   3030 |   5 | 1357.0 |
               +--------+--------+--------+--------+--------+-----+--------+

Top non-repeatable levels by time:
     D:8: 4273 daAuts
    D:11: 3135 daAuts
     D:7: 2354 daAuts
  Lair:5: 2113 daAuts
     D:9: 1709 daAuts
     D:3: 1581 daAuts
    D:10: 1507 daAuts
     D:5: 1499 daAuts
  Lair:3: 1490 daAuts
     D:2: 1334 daAuts
  Lair:2: 1245 daAuts
     D:1: 1182 daAuts
    D:12: 1099 daAuts
  Lair:1: 1092 daAuts
     D:6: 1036 daAuts

Table legend:
 A = Non-vault XP
 B = Vault XP
 C = Vault XP percentage of total XP
 D = Non-vault monster count
 E = Vault monster count
 F = Vault count percentage of total count
                 A         B        C        D         E       F
            +---------+---------+-------+---------+---------+-------
      Total |   56189 |   25165 |  30.9 |     393 |     102 |  20.6
            +---------+---------+-------+---------+---------+-------
        D:1 |      38 |       4 |   9.5 |      23 |       3 |  11.5
        D:2 |      91 |      36 |  28.3 |      20 |       1 |   4.8
        D:3 |      59 |     287 |  82.9 |      16 |      15 |  48.4
        D:4 |     362 |       0 |   0.0 |      19 |       0 |   0.0
        D:5 |     949 |       0 |   0.0 |      30 |       0 |   0.0
        D:6 |     382 |       0 |   0.0 |       8 |       0 |   0.0
        D:7 |    1382 |     842 |  37.9 |      20 |       4 |  16.7
        D:8 |    2738 |    1777 |  39.4 |      40 |       9 |  18.4
        D:9 |    3638 |    1961 |  35.0 |      29 |       4 |  12.1
       D:10 |    2332 |     876 |  27.3 |      20 |       1 |   4.8
       D:11 |    4327 |    1371 |  24.1 |      20 |       2 |   9.1
       D:12 |    4415 |       0 |   0.0 |      21 |       0 |   0.0
       D:13 |    4647 |       0 |   0.0 |      10 |       0 |   0.0
     Lair:1 |    3791 |    1631 |  30.1 |      19 |       6 |  24.0
     Lair:2 |    8668 |     506 |   5.5 |      35 |       2 |   5.4
     Lair:3 |    2435 |    1947 |  44.4 |       5 |       7 |  58.3
     Lair:4 |    1475 |    2583 |  63.7 |      10 |       8 |  44.4
     Lair:5 |   14460 |   11344 |  44.0 |      48 |      40 |  45.5
            +---------+---------+-------+---------+---------+-------
